 Dungeon Sprint DCSS version 0.30-a0-341-g682706514a (webtiles) character file.

Game seed: 13403537255664972531

16 Hubris850 the Changer (level 2, -1/21 HPs)
             Began as a Merfolk Transmuter on Nov 2, 2022.
             Was a Believer of Sif Muna.
             Slain by a hobgoblin (4 damage)
             ... in the Dungeon (Sprint VII: "The Pits").
             The game lasted 00:00:46 (133 turns).

Hubris850 the Changer (Merfolk Transmuter)           Turns: 133, Time: 00:00:46

Health: -1/21      AC: -2    Str: 10    XL:     2   Next: 54%
Magic:  4/6        EV: 12    Int: 12    God:    Sif Muna [**....]
Gold:   0          SH:  0    Dex: 14    Spells: 4/7 levels left

rFire   . . .      SeeInvis .      - Unarmed
rCold   . . .      Faith    .    (no shield)
rNeg    . . .      Spirit   .    a - +0 robe
rPois   .          Reflect  .    (no helmet)
rElec   .          Harm     .    (no cloak)
rCorr   .          Rampage  .    (no gloves)
Will    .....      NoTele   +    (no boots)
Stlth   +.........               (no amulet)
HPRegen 0.23/turn                (no ring)
MPRegen 0.10/turn                (no ring)

@: corroded
A: (nimble swimmer 2), mertail
a: Renounce Religion, Channel Magic


You were in the Dungeon.
You worshipped Sif Muna.
Sif Muna was pleased with you.
You visited 1 branch

Inventory:

Armour
 a - a +0 robe (worn)
Scrolls
 h - a scroll of blinking
 j - 5 scrolls of amnesia
 k - a scroll of summoning
Potions
 b - a potion of lignification
 c - a potion of curing
 d - a potion of heal wounds
 e - a potion of haste
 f - 4 potions of magic
 g - 3 potions of berserk rage
 i - 2 potions of invisibility


   Skills:
 - Level 1.1 Fighting
 - Level 2.6 Dodging
 + Level 0.2 Stealth
 - Level 3.2 Unarmed Combat
 + Level 3.0 Spellcasting
 + Level 4.4 Transmutations
 * Level 3.1 Ice Magic


You had 4 spell levels left.
You knew the following spells:

 Your Spells              Type           Power      Damage    Failure   Level
a - Beastly Appendage     Tmut           24%        N/A       3%          1
b - Wereblood             Tmut           12%        N/A       6%          2

Your spell library contained the following spells:

 Spells                   Type           Power      Damage    Failure   Level
 Spider Form              Tmut/Pois      7%         N/A       28%         3
 Ice Form                 Ice/Tmut       11%        N/A       45%         4


Dungeon Overview and Level Annotations

Branches:
Dungeon (1/1)

Altars:
Ashenzari
Cheibriados
Dithmenos
Elyvilon
Fedhas
Gozag
Hepliaklqana
Kikubaaqudgha
Makhleb
Nemelex Xobeh
Okawaru
Qazlal
Ru
Sif Muna
Trog
Uskayaw
Vehumet
Wu Jian
Xom
Yredelemnul
Zin
The Shining One
Jiyva
Lugonu


Innate Abilities, Weirdness & Mutations

((You are very nimble when in or above water. (Stealth+, EV+, Speed+++)))
Your lower body shifts to a powerful aquatic tail in water.


Message History

The bat skeleton is heavily damaged.
Your primal bloodlust is almost over.
The bat skeleton hits you but does no damage.
The bat skeleton closely misses you.
The bat skeleton hits you but does no damage.
You punch the bat skeleton!
You feel a bit better.
You destroy the bat skeleton!
Sif Muna accepts your kill.
A ball python zombie comes into view.
A jelly comes into view.
The ball python zombie closely misses you. x2
There is an open door here.
You hit the ball python zombie.
The ball python zombie is heavily damaged.
The jelly quivers.
The ball python zombie misses you. The ball python zombie grabs you.
The ball python zombie constricts you. The hobgoblin hits you.
You hit the ball python zombie.
The ball python zombie is almost destroyed.
You howl as the wereblood boils in your veins!
The ball python zombie barely misses you.
The ball python zombie constricts you.
The hobgoblin hits you but does no damage.
You closely miss the ball python zombie.
The ball python zombie is almost destroyed.
The hobgoblin hits you.
The ball python zombie bites you but does no damage.
The ball python zombie constricts you.
You punch the ball python zombie!
You feel a bit better.
You destroy the ball python zombie!
Sif Muna accepts your kill.
Your primal bloodlust has ended.
The hobgoblin closely misses you.
You hit the jelly. The acid corrodes you!
Your hands burn!
The jelly is moderately wounded.
You hit the jelly but do no damage.
Your hands burn!
* * * LOW HITPOINT WARNING * * *
The jelly is moderately wounded.
The hobgoblin hits you.
You die...

#.?(.')))'.##......#..#
##########.##..........
#...........†...........
+#####'#####......#..#.
#.....##...........
#####'#####'#####+
#...†.##.......#
#.....##.......#
###@####.......#
#.gJ..##...<...#
........##.......#
#........##.......#
###########.......#
#########


You could see a jelly and a hobgoblin.

Vanquished Creatures
  An ufetubus (D)
  2 adder skeletons (D)
  A bat skeleton (D)
  A ball python (D)
  A ball python zombie (D)
  A bat (D)
7 creatures vanquished.

Notes
Turn   | Place    | Note
-------+----------+-------------------------------------------
     0 | D        | Hubris850 the Merfolk Transmuter began the quest for the
                  | Orb.
     0 | D        | Reached XP level 1. HP: 15/15 MP: 3/3
    36 | D        | Found a glowing golden altar of the Shining One.
    36 | D        | Found a glowing silver altar of Zin.
    36 | D        | Found a basalt altar of Yredelemnul.
    36 | D        | Found a shimmering altar of Xom.
    36 | D        | Found an ornate altar of the Wu Jian Council.
    36 | D        | Found a bloodstained altar of Trog.
    36 | D        | Found a shimmering blue altar of Sif Muna.
    36 | D        | Found a sacrificial altar of Ru.
    36 | D        | Found a stormy altar of Qazlal.
    36 | D        | Found an iron altar of Okawaru.
    36 | D        | Found a sparkling altar of Nemelex Xobeh.
    36 | D        | Found a burning altar of Makhleb.
    36 | D        | Found a viscous altar of Jiyva.
    36 | D        | Found a hazy altar of Hepliaklqana.
    36 | D        | Found an opulent altar of Gozag.
    36 | D        | Found a blossoming altar of Fedhas.
    36 | D        | Found a white marble altar of Elyvilon.
    36 | D        | Found a shadowy altar of Dithmenos.
    36 | D        | Found a snail-covered altar of Cheibriados.
    37 | D        | Found a radiant altar of Vehumet.
    37 | D        | Found a corrupted altar of Lugonu.
    38 | D        | Found an ancient bone altar of Kikubaaqudgha.
    38 | D        | Found a hide-covered altar of Uskayaw.
    38 | D        | Found a broken altar of Ashenzari.
    39 | D        | Became a worshipper of Sif Muna the Loreminder
    51 | D        | Reached skill level 3 in Transmutations
    57 | D        | Reached XP level 2. HP: 9/21 MP: 2/5
    60 | D        | Learned a level 2 spell: Wereblood
   117 | D        | Reached * piety under Sif Muna
   118 | D        | Reached skill level 4 in Transmutations
   131 | D        | Reached ** piety under Sif Muna
   133 | D        | Slain by a hobgoblin

Illustrated notes

Levels and vault maps discovered:
D:        pitsprint [storerooms_1, entrance_room_1, metal_vault_3, armoury_1,
          mini_pit_1, grid_room_1, main_hall_1, silver_pit, the_coven_2,
          the_vestibule_1, steel_vault_2, golden_pit, hallway_of_sentries,
          crystal_vault_1, iron_vault_3, final_vault]

Skill      XL: |  1  2 |
---------------+-------+-----
Transmutations | 3 4 |  4.4
Ice Magic      | 2 3 |  3.1
Spellcasting   | 3 |  3.0
Fighting       | |  1.1
Dodging        | |  2.6
Stealth        | |  0.2
Unarmed Combat | |  3.2

Action                   || total
-------------------------++-------
Melee: Unarmed           ||    26
       Headbutt          ||     5
 Cast: Beastly Appendage ||     3
       Wereblood         ||     1
 Stab: Sleeping          ||     1
Armor: Robe              ||     7
Dodge: Dodged            ||    18

Table legend: (Time is in decaauts)
 A = Elapsed time spent in this place.
 B = Non-inter-level travel time spent in this place.
 C = Inter-level travel time spent in this place.
 D = Time resting spent in this place.
 E = Time spent auto-exploring this place.
 F = Levels seen in this place.
 G = Mean time per level.
                   A        B        C        D        E       F      G
               +--------+--------+--------+--------+--------+-----+--------+
         Total |    131 |    131 |      0 |     49 |      0 |   1 |  131.0 |
       Dungeon |    131 |    131 |      0 |     49 |      0 |   1 |  131.0 |
               +--------+--------+--------+--------+--------+-----+--------+

Top non-repeatable levels by time:
       D: 131 daAuts
